 Dungeon Crawl Stone Soup version 0.17-a0-1596-g1e86911 (webtiles) character file.

42 urechis the Ruffian (level 3, 0/36 HPs)
             Began as a Troll Monk on July 31, 2015.
             Slain by a gnoll
             ... wielding a +0 halberd
              (7 damage)
             ... on level 1 of the Dungeon.
             The game lasted 00:01:47 (596 turns).

urechis the Ruffian (Troll Monk)                     Turns: 596, Time: 00:01:48

Health: 0/36       AC:  5    Str: 19    XL:     3   Next: 35%
Magic:  2/2        EV: 10    Int:  6    God:
Gold:   49         SH:  0    Dex: 13    Spells: 0 memorised, 2 levels left

rFire  . . .     SeeInvis .       - Unarmed
rCold  . . .     Clarity  .     a - +0 robe
rNeg   . . .     SustAt   .     (no shield)
rPois  .         Gourm    +     (helmet restricted)
rElec  .         Spirit   .     (no cloak)
rCorr  .         Warding  .     (gloves unavailable)
rMut   .         Stasis   .     (boots unavailable)
MR     .....                    (no amulet)
Stlth  +.........               (no ring)
                                (no ring)

@: not resistant to hostile enchantments, very unstealthy
A: unfitting armour, claws 3, fast metabolism 3, gourmand, regeneration 2,
shaggy fur 1, tough skin 2
a: no special abilities


You were on level 1 of the Dungeon.
You were not hungry.

You visited 1 branch of the dungeon, and saw 2 of its levels.

You collected 49 gold pieces.

Inventory:

Missiles
 m - 4 tomahawks (quivered)
Armour
 a - a +0 robe (worn)
Scrolls
 c - 2 scrolls of remove curse {unknown}
 d - a scroll of recharging {unknown}
 e - a scroll of random uselessness {unknown}
 h - a scroll of blinking {unknown}
 i - a scroll of identify {unknown}
 j - 2 scrolls of immolation {unknown}
 k - a scroll of magic mapping {unknown}
Potions
 f - a potion of mutation {unknown}
 l - a potion of curing {unknown}
Comestibles
 b - 2 bread rations
 g - 3 meat rations


   Skills:
 + Level 2.8 Fighting
 - Level 2.4 Dodging
 - Level 1.1 Stealth
 * Level 4.8 Unarmed Combat


You had 2 spell levels left.
You didn't know any spells.

Dungeon Overview and Level Annotations

Branches:
Dungeon (2/15)

Altars:


Innate Abilities, Weirdness & Mutations

You are too large for most types of armour.
You have claws for hands.
Your metabolism is lightning-fast.
You like to eat raw meat.
You heal very quickly.
You are covered in fur (AC +1).
You have very tough skin (AC +2).


Message History

There is a stone staircase leading up, spattered with blood here.
The gnoll hits you with a spear. The gnoll hits you but does no damage.
The gnoll barely misses you.
You climb upwards.
There is a stone staircase leading down here.
You scratch the gnoll. You claw the gnoll.
The gnoll is heavily wounded.
The gnoll barely misses you. The gnoll hits you with a halberd.
You barely miss the gnoll.
The gnoll is heavily wounded.
The gnoll hits you but does no damage.
You claw the gnoll!
You kill the gnoll!
The gnoll hits you with a halberd!
* * * LOW HITPOINT WARNING * * *
You are too injured to fight recklessly!
You are too injured to fight recklessly!
You are too injured to fight recklessly!
You barely miss the gnoll. The gnoll hits you with a halberd!
You die...

....#....### #.##..###
.##.....########.#...############
..............##.#...............
###.......###....).........######
...........................#
§..........................#
§§§.≈≈≈≈§.≈≈≈≈≈..#.........#
§≈§..≈§§...≈≈≈.).#.........#
§.....§.....≈...@..........#
....§.§≈§§≈≈...g...........#
...<...§≈§≈.......##...#####
........(§.........#...#
≈≈≈.≈≈≈§≈.§.....#......#
≈≈...≈≈≈........#......#
≈.....≈.........#..#...#
.§§§≈≈.........##..#...#
.§≈≈≈...........#..#####


You could see a gnoll.

Vanquished Creatures
  A gnoll (D:1)
  2 giant geckos (D:1)
  4 giant cockroaches
  4 hobgoblins
  4 jackals (D:1)
  3 kobolds (D:1)
  3 bats (D:1)
  2 giant newts (D:1)
  2 goblins (D:1)
  6 rats
31 creatures vanquished.

Notes
Turn   | Place    | Note
--------------------------------------------------------------
     0 | D:1      | urechis the Troll Monk began the quest for the Orb.
     0 | D:1      | Reached XP level 1. HP: 22/22 MP: 0/0
    16 | D:1      | Reached XP level 2. HP: 14/29 MP: 1/1
   545 | D:2      | Reached XP level 3. HP: 36/36 MP: 2/2
   596 | D:1      | Slain by a gnoll

Vault maps used:
D:1:      onia_arrival_pyramid, serial_bayou_ford_a
D:2:      bloody_trog, due_unseen_surprise

Action                   || total
-------------------------++-------
Melee: Unarmed           ||    66
  Eat: Chunk             ||     6
